 Dungeon Sprint DCSS version 0.23.2 (webtiles) character file.

Game seed: 8939891570491731389

438 Chiseanne the Fighter (level 6, 0/68 HPs)
             Began as a Demonspawn Wanderer on Apr 8, 2019.
             Was an Initiate of Vehumet.
             Slain by Sonja
             ... wielding a +2 dagger of venom
              (2 damage)
             ... in the Dungeon (Sprint I: "Red Sonja").
             The game lasted 00:03:49 (825 turns).

Chiseanne the Fighter (Demonspawn Wanderer)          Turns: 825, Time: 00:03:50

Health: 0/68       AC:  8    Str: 13    XL:     6   Next: 69%
Magic:  9/9        EV: 10    Int: 16    God:    Vehumet [......]
Gold:   99         SH:  0    Dex: 11    Spells: 9/9 levels left

rFire    . . .     SeeInvis .   s - +0 scythe (protect)
rCold    . . .     Gourm    .   (shield currently unavailable)
rNeg     . . .     Faith    .   e - +1 leather armour {rPois}
rPois    +         Spirit   .   j - +0 helmet
rElec    .         Reflect  .   (no cloak)
rCorr    .         Harm     .   (no gloves)
MR       .....     NoTele   +   h - +0 pair of boots
Stlth    +.........             (no amulet)
HPRegen  0.21/turn              (no ring)
MPRegen  0.11/turn              (no ring)

@: lethally poisoned (0 -> -43)
A: hooves 1, thin metallic scales 1
a: Renounce Religion


You were in the Dungeon.
You worshipped Vehumet.
Vehumet was noncommittal.
You were not hungry.

You visited 1 branch You collected 297 gold pieces.
You spent 198 gold pieces at shops.

Inventory:

Hand Weapons
 a - a +2 hand axe
 s - a +0 scythe of protection (weapon)
Missiles
 b - 2 curare-tipped needles
Armour
 e - a +1 leather armour of poison resistance (worn)
 h - a +0 pair of boots (worn)
 j - a +0 helmet (worn)
Scrolls
 i - a scroll of blinking
Potions
 g - 2 potions of magic
Comestibles
 c - 2 chunks of flesh
 d - a ration


   Skills:
 * Level 14.1 Fighting
 - Level 1.7 Axes
 - Level 1.0 Stealth
   Level 1.0 Shields
 - Level 2.0 Spellcasting
   Level 1.0 Hexes


You had 9 spell levels left.
You didn't know any spells.
Your spell library was empty.

Dungeon Overview and Level Annotations

Branches:
Dungeon (1/1)

Altars:
Cheibriados
Dithmenos
Elyvilon
Fedhas
Gozag
Hepliaklqana
Kikubaaqudgha
Nemelex Xobeh
Okawaru
Qazlal
Ru
Sif Muna
Trog
Uskayaw
Vehumet
Wu Jian
Yredelemnul
Zin
The Shining One

Shops:
D [

Annotations:
D Sonja


Innate Abilities, Weirdness & Mutations

You have large cloven feet.
You are partially covered in thin metallic scales. (AC +2)


Message History

Sonja casts a spell.
Sonja blinks!
Sonja plants her feet in a plie.
Okay, then.
* * * LOW HITPOINT WARNING * * *
You feel sick.
There is an open door, spattered with blood here.
You barely miss Sonja.
Sonja is moderately wounded.
* * * LOW HITPOINT WARNING * * *
You feel very sick. Sonja barely misses you. Sonja hits you but does no damage.
Sonja closely misses you.
Sonja hits you with a +2 dagger of venom.
* * * LOW HITPOINT WARNING * * *
You are more poisoned.
Sonja hits you but does no damage.
You are more poisoned.
Sonja hits you with a +2 dagger of venom.
You die...

#<.#..)..#..'..#
#..'[.#..'[.#..+
#..#####'#####'#
#..####..#...#.#
#..#__####..##[#
#..#_____##'#_.+
#⌠⌠#_.∩...÷..._#
####_..__##_K#+#
#_____###@#
####### #(#
+$.$+ #$.$#
##(## #+#


You could see Sonja (inner flame).

Vanquished Creatures
  Sigmund (D)
  A yak (D)
  An ogre (D)
  A jelly (D)
  Ijyb (D)
5 creatures vanquished.

Vanquished Creatures (others)
  A gargoyle (D)
1 creature vanquished.

Grand Total: 6 creatures vanquished

Notes
Turn   | Place    | Note
-------+----------+-------------------------------------------
     0 | D        | Chiseanne the Demonspawn Wanderer began the quest for the
                  | Orb.
     0 | D        | Chiseanne set off with the following items: a +2 hand axe,
                  | 3 potions of curing, a +0 robe, a ration, a potion of heal
                  | wounds, a potion of haste, 2 potions of magic, a potion of
                  | berserk rage, a scroll of blinking
     0 | D        | Reached XP level 1. HP: 18/18 MP: 3/3
     1 | D        | Noticed Ijyb
    31 | D        | Killed Ijyb
    31 | D        | Reached skill level 6 in Fighting
    31 | D        | Gained mutation: You have large cloven feet. [demonic
                  | ancestry]
    31 | D        | Reached XP level 2. HP: 11/29 MP: 5/5
   237 | D        | Noticed an ogre
   245 | D        | Killed an ogre
   245 | D        | Reached skill level 9 in Fighting
   245 | D        | Reached XP level 3. HP: 10/41 MP: 6/6
   245 | D        | Gained mutation: You are partially covered in thin metallic
                  | scales. (AC +2) [demonic ancestry]
   245 | D        | Reached XP level 4. HP: 12/47 MP: 7/7
   503 | D        | Noticed Sigmund
   510 | D        | Killed Sigmund
   510 | D        | Reached skill level 12 in Fighting
   510 | D        | Reached XP level 5. HP: 58/58 MP: 8/8
   510 | D        | Reached XP level 6. HP: 65/65 MP: 9/9
   546 | D        | Found a deep blue altar of Sif Muna.
   547 | D        | Found an ornate altar of the Wu Jian Council.
   548 | D        | Found a radiant altar of Vehumet.
   576 | D        | Killed a gargoyle
   679 | D        | Became a worshipper of Vehumet
   680 | D        | Found Vueq Rukk's Antique Armour Emporium.
   680 | D        | Found an ancient bone altar of Kikubaaqudgha.
   680 | D        | Found a stormy altar of Qazlal.
   680 | D        | Found a blossoming altar of Fedhas.
   680 | D        | Found a bloodstained altar of Trog.
   680 | D        | Found an iron altar of Okawaru.
   680 | D        | Found a glowing golden altar of the Shining One.
   680 | D        | Found a glowing silver altar of Zin.
   680 | D        | Found a white marble altar of Elyvilon.
   680 | D        | Noticed a yak
   688 | D        | Killed a yak
   688 | D        | Reached skill level 14 in Fighting
   689 | D        | Found a hazy altar of Hepliaklqana.
   689 | D        | Found a hide-covered altar of Uskayaw.
   689 | D        | Found a basalt altar of Yredelemnul.
   689 | D        | Found an opulent altar of Gozag.
   689 | D        | Found a snail-covered altar of Cheibriados.
   689 | D        | Found a sacrificial altar of Ru.
   689 | D        | Found a shadowy altar of Dithmenos.
   692 | D        | Found a sparkling altar of Nemelex Xobeh.
   696 | D        | Bought a pair of boots for 99 gold pieces
   794 | D        | Bought a helmet for 99 gold pieces
   805 | D        | Noticed Sonja
   825 | D        | HP: 2/68 [Sonja/+2 dagger of venom (3)]
   825 | D        | Slain by Sonja

Skill      XL: |  1  2  3  4  5  6 |
---------------+-------------------+-----
Fighting       | 6 9 12 14 | 14.1
Axes           | |  1.7
Stealth        | |  1.0
Shields        | |  1.0
Spellcasting   | |  2.0
Hexes          | |  1.0

Action                   |  1- 3 |  4- 6 || total
-------------------------+-------+-------++-------
Melee: Hand axe          |    34 |     5 ||    39
       Kick              |     1 |     3 ||     4
       Scythe            |       |    18 ||    18
  Use: Potion            |     2 |     4 ||     6
       Scroll            |       |     1 ||     1
Armor: Robe              |     5 |       ||     5
       Leather armour    |       |    33 ||    33
Dodge: Dodged            |    14 |    25 ||    39
